 Dungeon Crawl Stone Soup version 0.32-a0-596-g69a5a37 (webtiles) character file.

Game seed: 1999185712170504516

7 Remcycle the Shooter (level 2, 22/22 HPs)
             Began as a Coglin Hunter on Mar 2, 2024.
             Quit the game on level 1 of the Dungeon.
             The game lasted 00:01:32 (130 turns).

Remcycle the Shooter (Coglin Hunter)                 Turns: 130, Time: 00:01:33

Health: 22/22      AC:  3    Str: 11    XL:     2   Next: 4%
Magic:  2/2        EV: 12    Int:  8    God:
Gold:   12         SH:  0    Dex: 17    Spells: 1/1 levels left

rFire   . . .        a - +2 sling {Mira}
rCold   . . .        d - +0 sling {Zero}
rNeg    . . .        c - +0 leather armour
rPois   .            (no helmet)
rElec   .            (no cloak)
rCorr   .            (no gloves)
SInv    .            (no boots)
Will    .....        (amulet unavailable)
Stlth   ++           (ring unavailable)
HPRegen 0.23/turn    (ring unavailable)
MPRegen 0.08/turn    (no gizmo)

%: no passive effects
@: no status effects
A: off-hand wielding, slow wielding, warmup strikes, no jewellery
a: Invent Gizmo


You were on level 1 of the Dungeon.
You visited 1 branch of the dungeon, and saw 1 of its levels.

You collected 12 gold pieces.

Inventory:

Hand Weapons
 a - a +2 sling (weapon) {Mira}
 d - a +0 sling (offhand) {Zero}
Armour
 c - a +0 leather armour (worn)
Scrolls
 b - a scroll of butterflies
 f - a scroll of teleportation {unknown}
 g - a scroll of blinking {unknown}
Potions
 e - a potion of haste {unknown}


   Skills:
 + Level 2.1 Fighting
 + Level 3.7 Ranged Weapons
 + Level 1.9 Dodging
 + Level 1.1 Stealth


You had one spell level left.
You didn't know any spells.
Your spell library was empty.

Dungeon Overview and Level Annotations

Branches:
Dungeon (1/15)

Altars:


Innate Abilities, Weirdness & Mutations

You can wield a second weapon in your off-hand.
It takes a long time for you to wield or remove held weapons.
Your first few attacks do less damage.
You cannot equip rings or amulets.


Message History

You shoot a sling bullet.
Your Stealth skill increases to level 1!
A rat comes into view.
You shoot a sling bullet.
The sling bullet hits the rat but does no damage.
You shoot a sling bullet. The sling bullet hits the rat.
You kill the rat!
Found a stone staircase leading down.
A hobgoblin comes into view.
You shoot a sling bullet. The hobgoblin shouts!
The sling bullet hits the hobgoblin.
The hobgoblin is heavily wounded.
You shoot a sling bullet. The sling bullet hits the hobgoblin.
The hobgoblin is severely wounded.
You shoot a sling bullet.
The sling bullet hits the hobgoblin but does no damage.
The hobgoblin is severely wounded.
You shoot a sling bullet.
The sling bullet closely misses the hobgoblin.
You shoot a sling bullet. The sling bullet hits the hobgoblin.
You kill the hobgoblin!
You shoot a sling bullet.
Found a knobbly steel ring.
You see here a ring of protection from cold.
An endoplasm comes into view.
An endoplasm is nearby!
You shoot a sling bullet. The sling bullet hits the endoplasm.
The endoplasm quivers.
The endoplasm is moderately wounded.
You shoot a sling bullet. The sling bullet hits the endoplasm.
You kill the endoplasm!
You have reached level 2!
Found a golden ring.
g - a scroll labelled UMEPSI YLYDWUO You see here a ring of magical power.
There is a stone staircase leading down here.
Found a stone staircase leading down.
Okay, then.
Are you sure you want to abandon this character and quit the game? (Confirm with "yes".)

### ### ..# #.##..
#[# #.##.# ## #.#
#.##.# .> #.# #.##.#
.# #.# #.##.#### .#
#.# #)#..†..# .#
..#####.#.###.###.#
.###......# #...@#
........#.###.>###
####.###...†.....###
#.# #.#......##.##
#.###.#..#.#...=.#
#.#.#.#..#.####.##
#..#.....#.## ###
#.#.#.##....#
#.#.#.####..#


There were no monsters in sight!

Vanquished Creatures
  An endoplasm (D:1)
  A goblin (D:1)
  A hobgoblin (D:1)
  A kobold (D:1)
  A ball python (D:1)
  2 rats (D:1)
7 creatures vanquished.

Notes
Turn   | Place    | Note
-------+----------+-------------------------------------------
     0 | D:1      | Remcycle the Coglin Hunter began the quest for the Orb.
     0 | D:1      | Reached XP level 1. HP: 16/16 MP: 1/1
    69 | D:1      | Reached skill level 1 in Stealth
    96 | D:1      | Reached XP level 2. HP: 22/22 MP: 2/2
   130 | D:1      | Quit the game

Illustrated notes

Levels and vault maps discovered:
D:1:      eino_arrival_druids_welcome, layout_loops_ring, nrook_loot_triangle

Skill      XL: |  1 |
---------------+----+-----
Stealth        | 1 |  1.1
Fighting       | |  2.1
Ranged Weapons | |  3.7
Dodging        | |  1.9

Action                     || total
---------------------------++-------
   Fire: Sling             ||    18

Table legend: (Time is in decaauts)
 A = Elapsed time spent in this place.
 B = Non-inter-level travel time spent in this place.
 C = Inter-level travel time spent in this place.
 D = Time resting spent in this place.
 E = Time spent auto-exploring this place.
 F = Levels seen in this place.
 G = Mean time per level.
                   A        B        C        D        E       F      G
               +--------+--------+--------+--------+--------+-----+--------+
         Total |    132 |    132 |      0 |      0 |    107 |   1 |  132.0 |
       Dungeon |    132 |    132 |      0 |      0 |    107 |   1 |  132.0 |
               +--------+--------+--------+--------+--------+-----+--------+

Top non-repeatable levels by time:
     D:1: 132 daAuts
